 Dungeon Crawl Stone Soup version 0.29.1-12-g30fa7ad0bf (webtiles) character file.

Game seed: 8712789804108152510

11214 Sanktem7 the Fighter (level 11, -8/111 HPs)
             Began as a Minotaur Fighter on Jan 7, 2023.
             Was a High Priest of Okawaru.
             Mangled by a sun demon (17 damage)
             ... on level 9 of the Dungeon.
             The game lasted 00:21:57 (9376 turns).

Sanktem7 the Fighter (Minotaur Fighter)             Turns: 9376, Time: 00:21:58

Health: -8/111     AC: 31    Str: 25    XL:     11   Next: 46%
Magic:  19/19      EV:  8    Int:  5    God:    Okawaru [*****.]
Gold:   1448       SH:  4    Dex: 10    Spells: 10/10 levels left

rFire   . . .      SeeInvis .   a - +2 war axe (protect) {axe}
rCold   . . .      Faith    .   c - +0 buckler
rNeg    + . .      Spirit   .   F - +2 chain mail {rPois}
rPois   +          Reflect  .   (helmet restricted)
rElec   .          Harm     .   x - +1 cloak
rCorr   .          Rampage  .   D - +0 pair of gloves
Will    .....                   y - +2 pair of boots
Stlth   ..........              A - amulet "Pewniona" {Regen+ MP+9}
HPRegen 1.08/turn               g - ring of positive energy
MPRegen 0.16/turn               G - +4 ring of protection

@: under a protective aura, studying Long Blades
A: horns 2, retaliatory headbutt, iridescent scales 1, MP-powered wands
a: Renounce Religion, Heroism, Finesse, Duel


You were on level 9 of the Dungeon.
You worshipped Okawaru.
Okawaru was extremely pleased with you.
You visited 2 branches of the dungeon, and saw 11 of its levels.

You collected 1670 gold pieces.
You spent 222 gold pieces at shops.


Innate Abilities, Weirdness & Mutations

You have a pair of horns on your head.
You reflexively headbutt those who attack you in melee.
You are partially covered in iridescent scales. (AC +2)
You expend magic power (3 MP) to strengthen your wands.


   Skills:
 * Level 14.8 Fighting
 * Level 14.6 Axes
 + Level 4.9 Throwing
 - Level 5.0 Armour
 - Level 3.6 Shields


You had 10 spell levels left.
You didn't know any spells.
Your spell library contained the following spells:

 Spells                   Type           Power      Damage    Failure   Level
 Sting                    Tmut/Pois      0%         1d3       99%         1
 Poisonous Vapours        Pois/Air       0%         N/A       100%        2
 Static Discharge         Conj/Air       0%         3-3/arc   100%        2
 Ignite Poison            Fire/Tmut/Pois 0%         N/A       100%        3
 Mephitic Cloud           Conj/Pois/Air  0%         N/A       100%        3
 Olgreb's Toxic Radiance  Pois           0%         N/A       100%        4
 Borgnjor's Vile Clutch   Necr/Erth      0%         N/A       100%        5
 Freezing Cloud           Conj/Ice/Air   0%         6-21      100%        5
 Lightning Bolt           Conj/Air       0%         1d11      100%        5
 Conjure Ball Lightning   Conj/Air       0%         3x3d6     100%        6
 Animate Dead             Necr           Unusable   N/A       N/A         4
 Death Channel            Necr           Unusable   N/A       N/A         6

Inventory:

Hand Weapons
 a - a +2 war axe of protection (weapon) {axe}
 h - a +1 battleaxe of draining {axe}
   (Okawaru gifted it to you on level 10 of the Dungeon)
 I - a +0 demon whip of venom {mace}
   (You took it off Amaemon on level 8 of the Dungeon)
Missiles
 e - 98 stones (quivered) {throwing}
 p - 5 boomerangs {throwing}
 C - 20 poisoned darts {throwing}
 H - 2 throwing nets {=f!fthrowing}
 J - 5 datura-tipped darts {throwing}
Armour
 c - a +0 buckler (worn)
 x - a +1 cloak (worn)
   (You found it on level 5 of the Dungeon)
 y - a +2 pair of boots (worn)
   (You found it on level 3 of the Dungeon)
 D - a +0 pair of gloves (worn)
   (You found it on level 4 of the Dungeon)
 F - a +2 chain mail of poison resistance (worn)
   (You bought it in a shop on level 4 of the Dungeon)
Jewellery
 f - a ring of fire
   (You found it on level 1 of the Dungeon)
 g - a ring of positive energy (left hand)
   (You found it on level 1 of the Dungeon)
 A - the amulet "Pewniona" (around neck) {Regen+ MP+9}
   (You found it on level 6 of the Dungeon)

   [amulet of regeneration]

   MP:        It affects your magic capacity (+9).
   Regen:     It increases your rate of health regeneration.
 B - a ring of resist corrosion
   (You found it on level 6 of the Dungeon)
 G - a +4 ring of protection (right hand)
   (You found it on level 6 of the Dungeon)
Wands
 t - a wand of polymorph (9)
   (You found it on level 5 of the Dungeon)
 u - a wand of flame (17)
   (You found it on level 5 of the Dungeon)
 w - a wand of iceblast (4)
   (You took it off Amaemon on level 8 of the Dungeon)
Scrolls
 b - a scroll of summoning
 k - a scroll of fear
 q - 2 scrolls of teleportation {@r4}
 z - a scroll of magic mapping {!r}
 E - a scroll of fog
Potions
 d - 6 potions of might
 j - a potion of mutation {!q}
 l - a potion of ambrosia {unknown}
 m - a potion of resistance
 n - 2 potions of lignification {!q}
 o - 6 potions of curing {@q1}
 r - 4 potions of haste {@q3}
 s - a potion of berserk rage {unknown}
 v - 3 potions of attraction {!q}

Dungeon Overview and Level Annotations

Branches:
Dungeon (10/15) Zot: 26196  Temple (1/1) D:5 Zot: 5915    Lair (0/5) D:10
    Orc (0/2) D:9

Altars:
Ashenzari
Cheibriados
Dithmenos
Elyvilon
Fedhas
Gozag
Hepliaklqana
Kikubaaqudgha
Makhleb
Nemelex Xobeh
Okawaru
Qazlal
Ru
Sif Muna
Trog
Uskayaw
Vehumet
Wu Jian
Xom
Yredelemnul
Zin
The Shining One

Shops:
D:1 *   D:4 ?[

Annotations:
D:10 3 runed translucent doors, stormannn's ghost, novice GnCA

#..# ### #.# #..#
#.###############.# #..#
#.................# ###..#
#.................# .....#
#.................#
.....####.................#
..........##########......#######
..........~~~......#.............
.........~~~....@..#.............
.........♣.P~....3.#........#####
..........#........#........#....
..........#+###....#........#....
#+###.........######........#..PP
....'........................~~~~
....#.........#####........~~~~♣P
....#.........#...#.........~~♣♣♣
#####.........#...#.....#...~~♣


You could see a sun demon.


Message History

Things that are here:
a +0 robe; a +0 dagger {short}; a +0 falchion {long}
There is a stone staircase leading up here.
Things that are here:
a +0 scimitar {long}; a +0 robe
Found a stone staircase leading up.
A komodo dragon and a gargoyle come into view.
The gargoyle is wielding a +2 morningstar of protection.
There are monsters nearby!
The gargoyle hurls a stone arrow at you.
The stone arrow hits you!
An orange demon and a sun demon come into view.
The orange demon screeches!
The sun demon shouts!
The komodo dragon bites you but does no damage.
You hit the gargoyle but do no damage.
Your weapon exudes an aura of protection.
You headbutt the gargoyle, but do no damage.
You hit the komodo dragon.
The gargoyle hits you but does no damage.
The komodo dragon bites you!!
A two-headed ogre comes into view.
It is wielding a +0 giant club and a +0 giant spiked club.
The two-headed ogre shouts in stereo!
You hit the komodo dragon. Your headbutt misses the komodo dragon.
You hit the gargoyle but do no damage.
The gargoyle hits you with a +2 morningstar of protection!
The komodo dragon barely misses you. 😮 HP[-41]
You take 41 damage, and now have 70/111 hp.
MASSIVE DAMAGE!! (PAUSE) 😮 HP[+1]
The komodo dragon attacks as you move away!
The komodo dragon bites you!!
* * * LOW HITPOINT WARNING * * *
The gargoyle attacks as you move away!
The gargoyle hits you but does no damage. 😨 HP[-17]
You take 17 damage, and now have 54/111 hp. 😨 HP[+1] 😮 HP[+1] 😮 HP[+1]
The gargoyle hurls a stone arrow at you.
The stone arrow hits you but does no damage. 😮 HP[+1] 😮 HP[+1]
The komodo dragon attacks as you move away!
The komodo dragon barely misses you. 😮 HP[+1]
The komodo dragon attacks as you move away!
The komodo dragon bites you but does no damage. 😮 HP[+1] 😮 HP[+1]
There is a stone staircase leading up here. 😮 HP[+1]
The sun demon hits you but does no damage.
The komodo dragon bites you but does no damage.
You climb upwards.
There is a stone staircase leading down here. 😮 HP[+3]
You regained 3 hp, and now have 66/111 hp.
You slash the komodo dragon!
Your weapon exudes an aura of protection.
You slash the sun demon!
The sun demon hits you but does no damage.
The komodo dragon bites you but does no damage. 😮 HP[+1]
You barely miss the komodo dragon. You headbutt the komodo dragon!
You barely miss the sun demon.
The sun demon hits you but does no damage. 😮 HP[+1]
You barely miss the komodo dragon. You hit the sun demon.
The komodo dragon bites you!!
* * * LOW HITPOINT WARNING * * *
The sun demon hits you.
* * * LOW HITPOINT WARNING * * *
You are engulfed in flames!
* * * LOW HITPOINT WARNING * * *
😨 HP[-33]
You take 33 damage, and now have 35/111 hp.
MASSIVE DAMAGE!! (PAUSE)
You slice the sun demon!! Your headbutt misses the sun demon.
You slice the komodo dragon!! The komodo dragon closely misses you.
You furiously retaliate!
You headbutt the komodo dragon, but do no damage.
The sun demon hits you but does no damage. 😨 HP[+1]
You slash the sun demon! You slash the komodo dragon!
You kill the komodo dragon!
Okawaru accepts your kill.
The sun demon hits you but does no damage.
You hit the sun demon but do no damage. Your headbutt misses the sun demon.
The sun demon hits you.
* * * LOW HITPOINT WARNING * * *
You are engulfed in flames!
* * * LOW HITPOINT WARNING * * *
😱 HP[-16]
You take 16 damage, and now have 20/111 hp.
You closely miss the sun demon. The sun demon hits you!
* * * LOW HITPOINT WARNING * * *
You are engulfed in flames!
You die...

Skill      XL: |  1  2  3  4  5  6  7  8  9 10 11 |
---------------+----------------------------------+-----
Fighting       | 4 5 6 8 10 12 14 | 14.8
Axes           | 3 4 5 6 7 10 12 13 14 | 14.6
Armour         | 4 5 |  5.0
Throwing       | 3 4 |  4.9
Shields        | |  3.6

Action                   |  1- 3 |  4- 6 |  7- 9 | 10-12 || total
-------------------------+-------+-------+-------+-------++-------
Melee: War axe           |    55 |   121 |   248 |   193 ||   617
       Headbutt          |     6 |    19 |    59 |    43 ||   127
  Use: Scroll            |       |       |    19 |     4 ||    23
       Potion            |       |       |       |     4 ||     4
Armor: Scale mail        |    33 |    61 |       |       ||    94
       Chain mail        |       |     4 |   222 |   228 ||   454
Dodge: Dodged            |    25 |    45 |    98 |    72 ||   240
Block: Buckler           |    12 |    60 |    63 |    37 ||   172
       Reflection        |       |       |     2 |       ||     2

Levels and vault maps discovered:
D:1:      amcnicky_arrival_choice, layout_basic, serial_glass, glass_columns_b,
          glass_columns_a, glass_columns_a, glass_columns_a, glass_columns_b,
          glass_columns_a, serial_shops, nicolae_shop_behind_doors,
          ebering_ecumenical_altar_abandoned
D:2:      layout_rooms, kennysheep_doodads, grunt_ministairs_9,
          minmay_statues_item, uniq_natasha
D:3:      layout_loops_ring, zin_scriptorium
D:4:      layout_loops_ring, nicolae_vehumet_altar_sigil,
          mainiacjoe_overflow_concentric_impassable,
          nicolae_wu_jian_immortal_techniques, old_standard_altar, serial_shops,
          nicolae_shop_waterfront, shop, minmay_ruptured
D:5:      layout_rooms, nicolae_overflow_squiral,
          minmay_temple_entry_statues_pillars
D:6:      layout_layer_cave, kb_lookout_dungeons_type
D:7:      layout_loops_ring
D:8:      layout_basic, nicolae_overflow_hidden_temple, tso_metal_star,
          chequers_temple_overflow_statue_of_worship, uniq_amaemon
D:9:      layout_irregular_city, mainiacjoe_overflow_chevrons, orc_0_dummy,
          serial_bayou, serial_bayou_pond_c, serial_bayou_lagoon_a,
          serial_bayou_pond_e, serial_bayou_pond_e, uniq_psyche
D:10:     layout_cross, eat_drink_and_be_merry_uskayaw, lair_entry_dummy,
          serial_demonic, serial_demonic_a, serial_demonic_e, serial_demonic_e,
          serial_demonic_d, serial_demonic_f, serial_demonic_g,
          serial_demonic_e, gammafunk_ghost_necromancy,
          hangedman_decor_slide_cut
Temple:   dpeg_three_leaves_temple

Notes
Turn   | Place    | Note
-------+----------+-------------------------------------------
     0 | D:1      | Sanktem7 the Minotaur Fighter began the quest for the Orb.
     0 | D:1      | Reached XP level 1. HP: 19/19 MP: 0/0
     0 | D:1      | magus.rc [v1.9.6]
   286 | D:1      | Reached XP level 2. HP: 27/27 MP: 1/1
   308 | D:1      | Reached skill level 4 in Fighting
   519 | D:1      | Reached skill level 3 in Axes
   598 | D:1      | Found a faded altar of an unknown god.
   609 | D:1      | Found Xawn's General Store.
   952 | D:2      | Reached skill level 4 in Armour
   952 | D:2      | Reached XP level 3. HP: 34/34 MP: 2/2
   972 | D:2      | Noticed Natasha
   979 | D:2      | Killed Natasha
  1013 | D:2      | Noticed Natasha
  1022 | D:2      | Killed Natasha
  1023 | D:2      | Reached skill level 4 in Axes
  1023 | D:2      | Reached XP level 4. HP: 38/41 MP: 3/3
  1209 | D:2      | Reached skill level 5 in Fighting
  1246 | D:2      | Noticed Natasha
  1256 | D:2      | Killed Natasha
  1257 | D:2      | Reached XP level 5. HP: 48/48 MP: 4/4
  1962 | D:3      | Reached skill level 5 in Axes
  2448 | D:3      | Reached XP level 6. HP: 57/57 MP: 5/5
  2630 | D:3      | Found a glowing silver altar of Zin.
  2758 | D:4      | Found a sacrificial altar of Ru.
  2790 | D:4      | Reached skill level 6 in Fighting
  2790 | D:4      | Reached skill level 5 in Armour
  2907 | D:4      | Found Xogioh's Armour Boutique.
  2935 | D:4      | Found a blossoming altar of Fedhas.
  3077 | D:4      | Bought a +2 chain mail of poison resistance for 222 gold
                  | pieces
  3166 | D:4      | Found Fiud's Magic Scroll Emporium.
  3225 | D:4      | Reached skill level 6 in Axes
  3225 | D:4      | Reached XP level 7. HP: 56/64 MP: 6/6
  3327 | D:4      | You add the spells Ignite Poison, Mephitic Cloud and
                  | Freezing Cloud to your library.
  3343 | D:4      | Found a radiant altar of Vehumet.
  3467 | D:4      | Found an ornate altar of the Wu Jian Council.
  3472 | D:4      | You add the spells Static Discharge, Lightning Bolt and
                  | Conjure Ball Lightning to your library.
  3472 | D:4      | Got the Vellum of the Badger
  3538 | D:4      | Identified a scroll of acquirement
  3538 | D:4      | Acquired 1018 gold pieces
  3545 | D:5      | Entered Level 5 of the Dungeon
  3687 | D:5      | Reached skill level 7 in Fighting
  3962 | D:5      | Reached skill level 7 in Axes
  3978 | D:5      | Reached skill level 8 in Fighting
  4348 | D:5      | Found a burning altar of Makhleb.
  4402 | D:5      | Found a shimmering blue altar of Sif Muna.
  4521 | D:5      | Found a staircase to the Ecumenical Temple.
  4554 | D:5      | Reached XP level 8. HP: 75/75 MP: 7/7
  4575 | Temple   | Entered the Ecumenical Temple
  5038 | D:6      | Identified the amulet "Pewniona" {Regen+ MP+9}
  5078 | D:6      | Reached skill level 8 in Axes
  5339 | D:6      | Reached skill level 9 in Fighting
  5532 | D:6      | Reached skill level 9 in Axes
  6112 | D:6      | Reached skill level 10 in Fighting
  6255 | D:7      | Reached skill level 10 in Axes
  6255 | D:7      | Reached XP level 9. HP: 78/86 MP: 8/8
  6616 | D:7      | Reached skill level 11 in Fighting
  6944 | D:8      | Reached skill level 11 in Axes
  7057 | D:8      | Found a white marble altar of Elyvilon.
  7072 | D:8      | Found an iron altar of Okawaru.
  7075 | D:8      | Found a sparkling altar of Nemelex Xobeh.
  7125 | D:8      | Found a glowing golden altar of the Shining One.
  7136 | D:8      | Became a worshipper of Warmaster Okawaru
  7162 | D:8      | Noticed Amaemon
  7163 | D:8      | Noticed an orange demon
  7189 | D:8      | Killed Amaemon
  7189 | D:8      | Reached * piety under Okawaru
  7190 | D:8      | Reached skill level 12 in Fighting
  7190 | D:8      | Reached skill level 12 in Axes
  7264 | D:8      | Killed an orange demon
  7265 | D:8      | Reached XP level 10. HP: 93/99 MP: 9/9
  7761 | D:9      | Reached skill level 1 in Throwing
  7764 | D:9      | Reached ** piety under Okawaru
  7829 | D:9      | Reached skill level 13 in Fighting
  7829 | D:9      | Reached skill level 2 in Throwing
  8050 | D:9      | You add the spells Sting, Poisonous Vapours and Olgreb's
                  | Toxic Radiance to your library.
  8090 | D:9      | Noticed Psyche
  8120 | D:9      | Killed Psyche
  8247 | D:9      | Found a staircase to the Orcish Mines.
  8317 | D:9      | Found a bloodstained altar of Trog.
  8546 | D:9      | Gained mutation: You are partially covered in iridescent
                  | scales. (AC +2) [potion of mutation]
  8546 | D:9      | Gained mutation: You expend magic power (3 MP) to
                  | strengthen your wands. [potion of mutation]
  8559 | D:10     | Entered Level 10 of the Dungeon
  8559 | D:10     | Noticed a soul eater
  8576 | D:9      | Reached *** piety under Okawaru
  8577 | D:9      | Reached skill level 13 in Axes
  8587 | D:9      | Killed a soul eater
  8588 | D:9      | Reached skill level 3 in Throwing
  8601 | D:10     | Found a hide-covered altar of Uskayaw.
  8602 | D:10     | Found a runed translucent gate.
  8602 | D:10     | Found a runed translucent gate.
  8602 | D:10     | Found a runed translucent gate.
  8605 | D:10     | Noticed stormannn's ghost (novice GnCA)
  8643 | D:10     | Found a staircase to the Lair.
  8702 | D:10     | Noticed a spectral centaur warrior
  8734 | D:10     | Reached **** piety under Okawaru
  8742 | D:10     | Reached skill level 14 in Fighting
  8843 | D:10     | Noticed a sun demon
  8844 | D:10     | Noticed an orange demon
  8845 | D:10     | Noticed a sun demon
  8928 | D:9      | HP: 19/103 [sun demon (19)]
  8929 | D:9      | HP: 7/103 [sun demon (10)]
  8933 | D:9      | Killed a sun demon
  8934 | D:9      | Reached XP level 11. HP: 44/110 MP: 10/10
  8938 | D:9      | Killed a sun demon
  8939 | D:9      | Reached skill level 14 in Axes
  8939 | D:9      | Reached skill level 4 in Throwing
  9001 | D:10     | Reached ***** piety under Okawaru
  9009 | D:9      | HP: 20/111 [ice devil (20)]
  9113 | D:10     | Noticed a sixfirhy
  9135 | D:10     | Killed a sixfirhy
  9139 | D:10     | HP: 22/111 [smoke demon/divine providence (13)]
  9237 | D:10     | Received a gift from Okawaru
  9306 | D:10     | You pick up a book of Unlife and begin reading...
  9354 | D:10     | Noticed a sun demon
  9355 | D:10     | Noticed a two-headed ogre
  9375 | D:9      | HP: 20/111 [sun demon (16)]
  9376 | D:9      | HP: 9/111 [sun demon (12)]
  9376 | D:9      | Mangled by a sun demon

Vanquished Creatures
  A soul eater (D:9)
  Amaemon (D:8)
  2 sun demons (D:9)
  A sixfirhy (D:10)
  A smoke demon (D:10)
  2 orange demons
  Psyche (D:9)
  A hellwing (D:9)
  A komodo dragon (D:9)
  An ice devil (D:9)
  2 red devils (D:10)
  2 wyverns
  12 yaks
  A ynoxinul (D:10)
  2 steam dragons
  A water moccasin (D:6)
  2 sky beasts
  3 orc warriors
  2 ice beasts
  2 black bears
  An ogre (D:6)
  5 centaurs
  2 phantoms
  A bullfrog (D:7)
  A necrophage (D:4)
  A gnoll sergeant (D:8)
  5 scorpions
  3 wights (D:10)
  5 howler monkeys
  3 electric eels (D:9)
  2 quasits (D:10)
  2 hounds
  A jelly (D:6)
  17 orc priests
  2 iguanas
  Natasha (thrice) (D:2)
  10 orc wizards
  7 gnolls
  9 adders
  A shadow imp (D:6)
  A white imp (D:7)
  2 worms
  A dart slug (D:1)
  29 orcs
  5 bats
  9 endoplasms
  A giant cockroach (D:3)
  10 goblins
  7 hobgoblins
  2 jackals (D:2)
  A quokka (D:2)
  6 ball pythons
  2 frilled lizards
  4 kobolds
  8 rats
  A bush (D:6)
211 creatures vanquished.

Vanquished Creatures (others)
  A demonic plant (D:10)
  9 plants (D:9)
10 creatures vanquished.

Grand Total: 221 creatures vanquished

Table legend:
 A = Non-vault XP
 B = Vault XP
 C = Vault XP percentage of total XP
 D = Non-vault monster count
 E = Vault monster count
 F = Vault count percentage of total count
                 A         B        C        D         E       F
            +---------+---------+-------+---------+---------+-------
      Total |    8780 |    7241 |  45.2 |     186 |      24 |  11.4
            +---------+---------+-------+---------+---------+-------
        D:1 |      36 |       0 |   0.0 |      21 |       0 |   0.0
        D:2 |     143 |      44 |  23.5 |      20 |       4 |  16.7
        D:3 |     160 |       0 |   0.0 |      18 |       0 |   0.0
        D:4 |     368 |       5 |   1.3 |      13 |       3 |  18.8
        D:5 |     690 |       0 |   0.0 |      17 |       0 |   0.0
        D:6 |    1041 |     112 |   9.7 |      19 |       1 |   5.0
        D:7 |    1191 |       0 |   0.0 |      24 |       0 |   0.0
        D:8 |     932 |    1172 |  55.7 |      17 |       2 |  10.5
        D:9 |    2337 |    3403 |  59.3 |      17 |       6 |  26.1
       D:10 |    1882 |    2505 |  57.1 |      20 |       8 |  28.6
            +---------+---------+-------+---------+---------+-------

Illustrated notes

Table legend:
 A = Kills in this place as a percentage of kills in entire the game.
 B = Kills by you in this place as a percentage of kills by you in the entire game.
 C = Kills by friends in this place as a percentage of kills by friends in the entire game.
 D = Other kills in this place as a percentage of other kills in the entire game.
 E = Experience gained in this place as a percentage of experience gained in the entire game.
 F = Experience gained in this place divided by the number of levels of this place that you have seen.
                   A       B       C       D       E      F
               +-------+-------+-------+-------+-------+----------------------
         Total | 100.0 | 100.0 |   N/A |   N/A | 100.0 | 1456.5
       Dungeon | 100.0 | 100.0 |   N/A |   N/A | 100.0 | 1602.1
               +-------+-------+-------+-------+-------+----------------------

Table legend: (Time is in decaauts)
 A = Elapsed time spent in this place.
 B = Non-inter-level travel time spent in this place.
 C = Inter-level travel time spent in this place.
 D = Time resting spent in this place.
 E = Time spent auto-exploring this place.
 F = Levels seen in this place.
 G = Mean time per level.
                   A        B        C        D        E       F      G
               +--------+--------+--------+--------+--------+-----+--------+
         Total |   9439 |   8887 |    552 |    307 |   6973 |  11 |  858.1 |
       Dungeon |   9355 |   8803 |    552 |    307 |   6913 |  10 |  935.5 |
        Temple |     84 |     84 |      0 |      0 |     60 |   1 |   84.0 |
               +--------+--------+--------+--------+--------+-----+--------+

Top non-repeatable levels by time:
     D:6: 1209 daAuts
     D:9: 1170 daAuts
     D:3: 1152 daAuts
     D:5: 1047 daAuts
     D:4: 1015 daAuts
     D:1: 993 daAuts
     D:8: 854 daAuts
     D:2: 790 daAuts
     D:7: 660 daAuts
    D:10: 460 daAuts
  Temple: 84 daAuts
